Map: Ascension to Aiur LE

Players

Apogee

  • Race: Terran Terran
  • Spawn Location: 5:00

Drunkenboi - Winner!

  • Race: Terran Terran
  • Spawn Location: 11:00

Event: WCS Montreal 2017

VOD

Have the link to the VOD?

Description

Time

  • Played on: Sept. 8, 2017, 11:32 a.m.
  • Length: 4:26

All games in this series

Show
View Real Time Build Order
Export as new Build Order

Apogee Terran 

Build Orders: Cyclone Opening 

Get SALT Encoding   

  12  0:01  SCV  
  13  0:13  SCV  
  14  0:18  Supply Depot  
  14  0:25  SCV  
  15  0:31  Refinery  
  15  0:45  Barracks  
  15  0:49  SCV  
  16  0:56  Refinery  
  16  1:03  SCV  
  17  1:15  SCV  
  18  1:28  SCV  
  19  1:34  Factory  
  19  1:36  Barracks Reactor  
  19  1:44  Orbital Command  
  19  1:54  Supply Depot  
  19  2:14  SCV  
  20  2:25  Cyclone x2  
  26  2:30  SCV  
  27  2:42  Supply Depot, SCV  
  28  3:04  Cyclone x2  
  34  3:06  SCV  
  35  3:34  SCV  
  35  3:36  Cyclone  
  39  3:42  Supply Depot  
  39  3:45  Cyclone  
  30  4:12  SCV  
Show
View Real Time Build Order
Export as new Build Order

Drunkenboi Terran - Winner!

Build Orders: Gas First Reaper Expand, Reaper Expand 

Get SALT Encoding   

  12  0:00  SCV  
  13  0:13  SCV  
  14  0:17  Supply Depot  
  14  0:25  SCV  
  15  0:28  Refinery  
  15  0:38  SCV  
  16  0:45  Barracks  
  16  0:50  SCV  
  17  1:02  SCV  
  18  1:15  SCV  
  19  1:33  Orbital Command, Reaper  
  20  1:45  Command Center  
  20  1:53  Factory  
  20  1:57  Bunker  
  20  2:00  Barracks  
  20  2:05  Marine  
  20  2:07  SCV  
  22  2:09  Supply Depot  
  22  2:19  SCV  
  23  2:30  Marine  
  23  2:31  Supply Depot  
  23  2:32  SCV  
  23  2:36  Refinery  
  25  2:42  Factory Tech Lab  
  25  2:45  SCV  
  25  2:48  Marine  
  25  2:50  Marine  
  28  2:58  SCV  
  29  3:02  Siege Tank  
  31  3:05  Marine  
  31  3:11  Marine  
  33  3:15  SCV  
  35  3:27  SCV  
  35  3:34  Supply Depot  
  35  3:44  Siege Tank  
  38  3:49  Marine  
  35  4:05  SCV  
Tags
 
Add a new tag
Caveats
  • Supply blocks, unpowered buildings, or Contaminate may cause inaccurate times.
  • Supply counts are checked every 10 seconds.